 Dungeon Crawl Stone Soup version 0.15-a0-1968-gb423ccb (webtiles) character file.

45 gluzy the Ducker (level 3, -4/17 HPs)
             Began as a Spriggan Artificer on July 10, 2014.
             Slain by Crazy Yiuf
             ... wielding a +2 quarterstaff of chaos
              (19 damage)
             ... on Level 2 of the Dungeon.
             The game lasted 00:08:35 (1611 turns).

gluzy the Ducker (Spriggan Artificer)               Turns: 1611, Time: 00:08:35

HP  -4/17        AC  3     Str  8      XL: 3   Next: 42%
MP   8/8         EV 26     Int 13      God:
Gold 63          SH  0     Dex 16      Spells:  0 memorised,  2 levels left

rFire  . . .     SeeInvis +     a - +0 short sword
rCold  . . .     Clarity  .     o - +0 robe
rNeg   . . .     rCorr    .     (shield restricted)
rPois  .         rRot     .     (helmet restricted)
rElec  .         Spirit   .     e - +0 cloak
SustAb .         Warding  .     (gloves unavailable)
rMut   .         Stasis   .     (boots unavailable)
Gourm  .                        (no amulet)
MR     +....                    i - +6 ring of evasion
                                g - ring of protection from magic

@: very quick, somewhat resistant to hostile enchantments, unstealthy
A: unfitting armour, see invisible, herbivore 3, speed 3, slow metabolism 2
a: no special abilities


You were on level 2 of the Dungeon.
You were not hungry.

You visited 1 branch of the dungeon, and saw 2 of its levels.

You collected 63 gold pieces.

Inventory:

Hand weapons
 a - a +0 short sword (weapon)
Missiles
 l - 12 poisoned arrows
Armour
 e - a +0 cloak (worn)
 o - a +0 robe (worn)
Magical devices
 b - a wand of flame (12)
 c - a wand of enslavement (14)
 d - a wand of random effects (14)
Comestibles
 h - 2 bread rations
 j - 4 fruits
 q - a royal jelly
Scrolls
 m - a scroll of amnesia {unknown}
 n - 2 scrolls of recharging {unknown}
 p - a scroll of blinking {unknown}
 t - a scroll of immolation {unknown}
 u - a scroll of remove curse {unknown}
 v - a scroll of noise {unknown}
Jewellery
 g - a ring of protection from magic (left hand)
 i - a +6 ring of evasion (right hand)
Potions
 f - a potion of porridge
 k - a potion of heal wounds {unknown}
 r - a potion of decay {unknown}
 s - a potion of cure mutation {unknown}


   Skills:
 - Level 0.7 Fighting
 - Level 1.1 Short Blades
 + Level 5.4 Dodging
 - Level 1.5 Stealth
 - Level 4.3 Evocations


You had 2 spell levels left.
You didn't know any spells.

Dungeon Overview and Level Annotations

Branches:
Dungeon (2/15)

Altars:

Annotations:
D:2 Crazy Yiuf


Innate Abilities, Weirdness & Mutations

You are tiny and cannot use many weapons and most armour.
You have supernaturally acute eyesight.
You are a herbivore.
You cover ground extremely quickly.
You need consume almost no food.


Message History

There is an open door here.
There is an open door here.
You see here a meat ration.
There is an open door here.
Found a hammer.
Crazy Yiuf the Enlightened comes into view.
He is wielding a quarterstaff of chaos.
Crazy Yiuf shouts!
Crazy Yiuf laughs, "Seed sow sanguine!"
Crazy Yiuf moves out of view.
Zapping:
d - a wand of random effects (15)
Press: ? - help, Shift-Dir - straight line, f - Crazy Yiuf
Aim: Crazy Yiuf, wielding a quarterstaff of chaos and wearing a cloak Crazy Yiuf seems to slow down.
This wand has 14 charges left.
You hit Crazy Yiuf but do no damage. Crazy Yiuf barely misses you.
You hit Crazy Yiuf but do no damage. You hit Crazy Yiuf but do no damage.
Crazy Yiuf hits you with a quarterstaff of chaos.
You are electrocuted!
Ouch! That really hurt!
You die...

##..##
####....
#....#
########....
♣....♣
#.....##....
♣♣...♣
#####..#....
♣♣.♣♣
##.#....
♣♣.♣ #..###+
♣.♣♣ ##.# #.
♣♣.♣ #.###.
♣@♣♣ #..##.
#g# ###'##'
... #......
#...#
#......
#)..#
#..%...
#####
#......
#......
#......
##########.>


You could see Crazy Yiuf.

Vanquished Creatures
  An adder (D:2)
  3 giant geckos
  4 bats
  2 giant cockroaches (D:1)
  7 goblins
  5 hobgoblins
  3 jackals (D:2)
  2 kobolds (D:1)
  3 rats (D:1)
30 creatures vanquished.

Vanquished Creatures (collateral kills)
  A hobgoblin (D:1)
1 creature vanquished.

Grand Total: 31 creatures vanquished

Notes
Turn   | Place    | Note
--------------------------------------------------------------
     0 | D:1      | gluzy, the Spriggan Artificer, began the quest for the Orb.
     0 | D:1      | Reached XP level 1. HP: 9/9 MP: 2/2
   552 | D:1      | Reached XP level 2. HP: 14/14 MP: 5/5
  1258 | D:2      | Reached XP level 3. HP: 17/17 MP: 8/8
  1285 | D:2      | Reached skill level 5 in Dodging
  1605 | D:2      | Noticed Crazy Yiuf
  1611 | D:2      | Slain by Crazy Yiuf

Action                   || total
-------------------------++-------
Melee: Short sword       ||   149
Evoke: Wand              ||     5
 Stab: Sleeping          ||     2
